 Dungeon Crawl Stone Soup version 0.20.1-1-g8b1a95d (webtiles) character file.

117 Lanoc the Skirmisher (level 4, -4/37 HPs)
             Began as a Demonspawn Monk on Dec 16, 2017.
             Slain by a gnoll
             ... wielding a +0 whip
              (9 damage)
             ... on level 3 of the Dungeon.
             The game lasted 00:08:23 (2870 turns).

Lanoc the Skirmisher (Demonspawn Monk)              Turns: 2870, Time: 00:08:24

Health: -4/37      AC:  2    Str: 11    XL:     4   Next: 71%
Magic:  4/4        EV: 14    Int: 16    God:
Gold:   214        SH:  0    Dex: 17    Spells: 3/3 levels left

rFire    . . .     SeeInvis .     - Unarmed
rCold    . . .     Gourm    .   (no shield)
rNeg     . . .     Faith    +   a - +0 robe
rPois    .         Spirit   .   (no helmet)
rElec    .         Reflect  .   (no cloak)
rCorr    .         Harm     .   (no gloves)
MR       .....                  (no boots)
Stlth    ++........             d - amulet of faith
Regen    0.2/turn               t - +5 ring of intelligence
MPRegen  0.1/turn               (no ring)

@: berserk cooldown
A: powered by pain 1, sturdy frame 1
a: no special abilities


You were on level 3 of the Dungeon.
You were not hungry.

You visited 1 branch of the dungeon, and saw 3 of its levels.

You collected 214 gold pieces.

Inventory:

Armour
 a - a +0 robe (worn)
 u - a +0 ring mail
Jewellery
 d - an amulet of faith (around neck)
 t - a +5 ring of intelligence (left hand)
Scrolls
 e - 2 scrolls of random uselessness {unknown}
 i - a scroll of enchant armour {unknown}
 j - a scroll of immolation {unknown}
 l - a scroll of identify {unknown}
 p - a scroll of teleportation {unknown}
 r - a scroll of noise {unknown}
Potions
 m - a potion of lignification {unknown}
 n - a potion of might {unknown}
 q - a potion of magic {unknown}
Comestibles
 b - a bread ration
 f - 2 fruits
 k - a meat ration
 o - a royal jelly
 s - 4 chunks of flesh


   Skills:
 + Level 3.7 Fighting
 + Level 1.5 Armour
 + Level 3.5 Dodging
 - Level 1.7 Stealth
 + Level 3.4 Unarmed Combat


You had 3 spell levels left.
You didn't know any spells.

Dungeon Overview and Level Annotations

Branches:
Dungeon (3/15)

Altars:
Ashenzari
Fedhas
Nemelex Xobeh
Qazlal
Vehumet
Xom
Yredelemnul


Innate Abilities, Weirdness & Mutations

You sometimes gain a little power by taking damage.
Your movements are slightly less encumbered by armour. (ER -2)


Message History

The gnoll barely misses you.
You barely miss the gnoll.
The gnoll is almost dead.
The gnoll closely misses you. The gnoll hits you with a flail!
* * * LOW HITPOINT WARNING * * *
You feel better. The gnoll closely misses you.
You feel better. The gnoll hits you with a flail!
* * * LOW HITPOINT WARNING * * *
You hit the gnoll.
You kill the gnoll!
You hit the gnoll but do no damage. The gnoll hits you but does no damage.
You hit the gnoll but do no damage. The gnoll barely misses you.
The gnoll hits you with a whip.
* * * LOW HITPOINT WARNING * * *
The gnoll misses you. The gnoll barely misses you.
You feel a little less agile now.
You feel yourself speed up. The gnoll hits you with a whip!
You die...

##.# #.# #.#
#############.# #.#
#.#
#......#....#.###.###
#.#
#......#....#≈.≈....#
#.#
#......#....#≈≈≈).#.#
#.#
#...........#.._≈≈..#
#.#
#...........#≈≈≈≈≈.##
#(#
#...........#≈...≈##
#.#
######...(..@g.#.##
#.# #......####..#
#.# #...##.)..##.#
#.#
#...##....##)#####.#
#.........##.......#
###÷##....##......)#
#.########.......#
#......(.........#
#########........#


You could see a gnoll.

Vanquished Creatures
  An orc wizard (D:3)
  2 gnolls (D:3)
  An ooze (D:1)
  3 leopard geckos
  4 orcs (D:3)
  11 bats
  2 giant cockroaches
  6 goblins
  8 hobgoblins
  3 jackals (D:1)
  5 kobolds
  2 quokkas (D:2)
  A ball python (D:2)
  3 frilled lizards
  9 rats
61 creatures vanquished.

Notes
Turn   | Place    | Note
-------+----------+-------------------------------------------
     0 | D:1      | Lanoc the Demonspawn Monk began the quest for the Orb.
     0 | D:1      | Reached XP level 1. HP: 18/18 MP: 1/1
   404 | D:1      | Gained mutation: You sometimes gain a little power by taking damage. [demonic ancestry]
   404 | D:1      | Reached XP level 2. HP: 24/24 MP: 2/2
  1026 | D:1      | Reached XP level 3. HP: 21/29 MP: 3/3
  1459 | D:2      | Reached skill level 1 in Armour
  1608 | D:2      | Found a basalt altar of Yredelemnul.
  1611 | D:2      | Found a radiant altar of Vehumet.
  1611 | D:2      | Found a sparkling altar of Nemelex Xobeh.
  1611 | D:2      | Found a stormy altar of Qazlal.
  1917 | D:2      | Found a shimmering altar of Xom.
  1917 | D:2      | Found a shattered altar of Ashenzari.
  2436 | D:3      | Found a blossoming altar of Fedhas.
  2792 | D:3      | Gained mutation: Your movements are slightly less encumbered by armour. (ER -2) [demonic ancestry]
  2792 | D:3      | Reached XP level 4. HP: 35/35 MP: 4/4
  2870 | D:3      | Slain by a gnoll

Skill      XL: |  1  2  3 |
---------------+----------+-----
Dodging        | 3 |  3.5
Unarmed Combat | 3 |  3.4
Armour         | 1 |  1.5
Fighting       | |  3.7
Stealth        | |  1.7

Action                   |  1- 3 |  4- 6 || total
-------------------------+-------+-------++-------
Melee: Unarmed           |   223 |    40 ||   263
       Punch             |     2 |     1 ||     3
  Use: Potion            |       |     6 ||     6
 Stab: Sleeping          |     4 |       ||     4
  Eat: Chunk             |     6 |       ||     6
Armor: Robe              |    46 |     2 ||    48
Dodge: Dodged            |   179 |    22 ||   201
